cohdb
Replays
Latest Replays
All Replays
Popular Replays
Top Player Replays
Match Explorer
How It Works
Community
CoH3 Stats
Reddit
Sign in to upload your games and track your stats! →
Sign in with Steam
Match 45429865
Unlisted
Match 45429865
Overview
Messages
Build Orders
End
Kradschützen Motorcycle Team
Panzergrenadier Squad
250 Light Carrier
Construct Light Support Kompanie
Panzergrenadier Squad
Selects Battlefield Espionage Battlegroup
Selects 250/3 Funkpanzerwagen
Selects Sector Subterfuge Beacon
Combat Half-tracks
250/3 Funkpanzerwagen
Selects Intel Disruption Beacon
Panzergrenadier Squad
Fire Support Elements
Selects Plunder
Construct Panzerarmee Kommand
Pak 38 Mechanized Group
Selects Anti-Tank Incendiary Munitions
Selects Anti-Tank Incendiary Munitions
Vehicle Survival Package
Veteran Squad Leaders
Panzer III L Medium Tank
Panzer III L Medium Tank
Panzer III L Medium Tank
Selects Firestorm
Firestorm
Tungsten Core Ammunition
Rapid Advance
Armored Reserves
Selects Operation Skorpion
Operation Skorpion
Tiger Heavy Tank
Panzerpioneer Squad
2.5-tonne Medical Truck
Emergency Repair Kits
Firestorm
Construct Mechanized Kompanie
Firestorm
Mr.Shcribbles
Zish™
Ilusi0n
honeydew
dinamix.fr
datalus
seb
cliff14587
0
0
Comments
sign in to comment!
No comments posted yet!